 Dungeon Crawl Stone Soup version 0.27.1-2-g3b301248ec (webtiles) character file.

Game seed: 3491984290456064055

10453 Kinoniko the Grappler (level 11, -21/112 HPs)
             Began as a Demonspawn Berserker on Sept 28, 2021.
             Was a High Priest of Trog.
             Demolished by a large abomination (28 damage)
             ... on level 1 of the Abyss.
             The game lasted 00:12:09 (13471 turns).

Kinoniko the Grappler (Demonspawn Berserker)       Turns: 13471, Time: 00:12:09

Health: -21/112    AC: 21    Str: 22    XL:     11   Next: 36%
Magic:  11/11      EV:  5    Int:  8    God:    Trog [*****.]
Gold:   228        SH:  0    Dex: 12    Spells: 10/10 levels left

rFire    . . .     SeeInvis .     - Unarmed
rCold    . . .     Faith    .   (no shield)
rNeg     . . .     Spirit   .   q - +1 crystal plate armour
rPois    .         Reflect  .   (helmet restricted)
rElec    .         Harm     .   t - scarf {shadows}
rCorr    +         Rampage  .   (no gloves)
Will     .....                  (no boots)
Stlth    ..........             (no amulet)
HPRegen  0.28/turn              E - ring of resist corrosion
MPRegen  0.12/turn              (no ring)

@: berserking, studying Armour, very quick
A: claws 2, hooves 2, horns 2, ignite blood 2
a: Renounce Religion, Berserk, Trog's Hand, Brothers in Arms


You were on level 1 of the Abyss.
You worshipped Trog.
Trog was extremely pleased with you.
You visited 1 branch of the dungeon, and saw 10 of its levels.
You visited the Abyss 1 time.

You collected 418 gold pieces.
You spent 190 gold pieces at shops.

Inventory:

Hand Weapons
 a - a +0 hand axe
 n - a +2 war axe
 z - a +1 whip of electrocution
Missiles
 y - 2 throwing nets (quivered)
Armour
 b - a +0 animal skin
 d - a +0 ring mail
 q - a +1 crystal plate armour (worn)
 t - a scarf of shadows (worn)
 v - a +0 chain mail
Jewellery
 E - a ring of resist corrosion (left claw)
 F - a ring of positive energy
Wands
 i - a wand of digging (18)
 p - a wand of iceblast (10)
 s - a wand of flame (35)
 G - a wand of polymorph (11)
Scrolls
 g - a scroll of magic mapping
 h - a scroll of holy word
 j - 2 scrolls of vulnerability
 A - 2 scrolls of blinking
 C - a scroll of immolation
 H - a scroll of brand weapon
Potions
 c - 3 potions of attraction
 e - a potion of magic {unknown}
 f - 3 potions of lignification {unknown}
 k - a potion of berserk rage {unknown}
 l - 4 potions of flight
 m - 3 potions of curing {unknown}
 o - 3 potions of heal wounds
 r - a potion of degeneration {unknown}
 u - 2 potions of cancellation
 w - a potion of haste {unknown}
 x - 2 potions of mutation
 B - a potion of might {unknown}
 D - a potion of resistance {unknown}


   Skills:
 - Level 3.0 Fighting
 - Level 10.1 Axes
 + Level 10.5 Armour
 - Level 1.7 Dodging
 * Level 11.0 Unarmed Combat


You had 10 spell levels left.
You didn't know any spells.
Your spell library contained the following spells:

 Spells                   Type           Power      Damage    Failure   Level
 Passwall                 Tmut/Erth      0%         N/A       100%        2
 Swiftness                Air            0%         N/A       100%        3
 Invisibility             Hex            0%         N/A       100%        6


Dungeon Overview and Level Annotations

Branches:
Dungeon (10/15)            Temple (0/1) D:7
   Lair: D:8-11         Orc: D:9-12

Altars:
Ashenzari
Dithmenos
Elyvilon
Fedhas
Hepliaklqana
Kikubaaqudgha
Makhleb
Okawaru
Sif Muna
Xom
Zin
The Shining One

Shops:
D:3 :   D:5 [!(   D:7 *   D:9 !

Annotations:
D:5 3 runed translucent doors, pzskc383's ghost, novice GrFi
D:6 4 runed translucent doors, Crazy Yiuf; XeNoLord's ghost, amateur MiBe
D:10 Erolcha


Innate Abilities, Weirdness & Mutations

You have very sharp fingernails.
You have hoof-like feet.
You have a pair of horns on your head.
Your demonic aura often causes spilled blood to erupt in flames.


Message History

You mangle the starcursed mass!!
You destroy the starcursed mass!
Trog accepts your kill.
Your deep troll bites the starcursed mass!!
The starcursed mass is destroyed!
Trog accepts your kill.
Unknown command.
You start resting.
Your deep troll rages. x4
Your deep troll is no longer berserk.
You feel yourself speed up.
You start resting.
Your deep troll disappears in a puff of smoke!
You recover from your berserk rage.
You start resting.
A large abomination comes into view.
A large abomination is nearby!
You are too injured to fight recklessly!
A hellwing comes into view.
The hellwing gives a chilling moan.
Unknown command.
The large abomination hits you but does no damage.
You barely miss the large abomination. Your kick misses the large abomination.
You headbutt the large abomination!
The large abomination is lightly damaged.
The large abomination hits you!
* * * LOW HITPOINT WARNING * * *
You barely miss the large abomination.
Your headbutt misses the large abomination.
The large abomination is lightly damaged.
Unknown command.
A red film seems to cover your vision as you go berserk!
You feel yourself moving faster!
You feel mighty! The large abomination hits you!!
* * * LOW HITPOINT WARNING * * *
You claw the large abomination!
Your headbutt misses the large abomination.
The large abomination is moderately damaged.
The large abomination hits you!!
You die...

.........# . ..
# #...#.# .# #
.....# >#. # ..
#...# .## # #
#.4.##..## # #
#.....##.# .
..#.#....#..#.##
. .....☼○.....##
. ......@☼..###
. #.....X#..#. .
..#.#..##....
....... ##.#
..#.#..# ## .
.....# .# #..#


You could see a large abomination and a hellwing.

Vanquished Creatures
  A boulder beetle (D:8)
  A two-headed ogre (D:9)
  A large abomination (Abyss:1)
  Pikel (D:6)
  A smoke demon (Abyss:1)
  A komodo dragon (D:8)
  A hornet (D:8)
  Sigmund (D:4)
  3 starcursed masses (Abyss:1)
  A wyvern (D:8)
  14 yaks
  A steam dragon (D:8)
  Edmund (D:4)
  An acid dragon (D:9)
  3 water moccasins
  3 orc warriors
  2 ice beasts
  A hornet zombie (D:7)
  A sky beast (D:6)
  2 necrophages
  4 ogres
  A boggart (D:9)
  3 centaurs
  A lemure (D:6)
  A phantom (D:6)
  Blork the orc (D:4)
  3 kobold brigands
  A small abomination (Abyss:1)
  A gnoll sergeant (D:9)
  A bullfrog (D:9)
  3 scorpions
  6 wights
  2 howler monkeys (D:9)
  A bullfrog zombie (D:5)
  3 centaur zombies
  3 jellies
  3 gnoll shamans
  3 hounds
  4 orc priests
  3 bullfrog skeletons
  5 iron imps
  Ijyb (D:3)
  2 iguanas
  7 orc wizards
  A howler monkey skeleton (D:7)
  12 gnolls
  4 adders
  A white imp (D:5)
  2 ufetubi
  An adder skeleton (D:5)
  A dart slug (D:5)
  23 orcs
  5 ball pythons
  5 bats
  4 bat zombies (D:5)
  3 endoplasms
  A giant cockroach (D:4)
  15 goblins
  6 hobgoblins
  7 jackals (D:1)
  A quokka (D:1)
  A frilled lizard (D:2)
  A goblin skeleton (D:8)
  A hobgoblin zombie (D:8)
  19 kobolds
  2 kobold skeletons (D:8)
  A kobold zombie (D:8)
  3 orc zombies (D:8)
  7 rats
  2 rat zombies (D:5)
233 creatures vanquished.

Vanquished Creatures (collateral kills)
  4 starcursed masses (Abyss:1)
4 creatures vanquished.

Vanquished Creatures (others)
  A fungus (D:3)
1 creature vanquished.

Grand Total: 238 creatures vanquished

Notes
Turn   | Place    | Note
-------+----------+-------------------------------------------
     0 | D:1      | Kinoniko the Demonspawn Berserker began the quest for the
                  | Orb.
     0 | D:1      | Reached XP level 1. HP: 18/18 MP: 1/1
   314 | D:1      | Gained mutation: You have sharp fingernails. [demonic
                  | ancestry]
   314 | D:1      | Reached XP level 2. HP: 20/24 MP: 2/2
   875 | D:1      | Reached ** piety under Trog
  1002 | D:1      | Reached XP level 3. HP: 29/29 MP: 3/3
  1473 | D:2      | Reached skill level 1 in Unarmed Combat
  2336 | D:2      | Found a hazy altar of Hepliaklqana.
  2910 | D:3      | Gained mutation: You have large cloven feet. [demonic
                  | ancestry]
  2910 | D:3      | Reached XP level 4. HP: 34/35 MP: 4/4
  3022 | D:3      | Reached skill level 2 in Unarmed Combat
  3221 | D:3      | Noticed an ogre
  3229 | D:3      | Killed an ogre
  3230 | D:3      | Reached skill level 5 in Axes
  3230 | D:3      | Gained mutation: You have a pair of small horns on your
                  | head. [demonic ancestry]
  3230 | D:3      | Reached XP level 5. HP: 24/41 MP: 5/5
  3442 | D:3      | Noticed Ijyb
  3452 | D:3      | Killed Ijyb
  3624 | D:3      | Found a burning altar of Makhleb.
  3639 | D:3      | Gained mutation: You have hoof-like feet. [demonic
                  | ancestry]
  3639 | D:3      | Reached XP level 6. HP: 36/47 MP: 6/6
  3840 | D:3      | Found a faded altar of an unknown god.
  3882 | D:3      | Found Menidoiz's Book Boutique.
  4357 | D:4      | Noticed Sigmund
  4363 | D:4      | Killed Sigmund
  4364 | D:4      | Reached skill level 3 in Unarmed Combat
  4427 | D:4      | Noticed Edmund
  4433 | D:4      | Killed Edmund
  4434 | D:4      | Gained mutation: Your demonic aura sometimes causes spilled
                  | blood to erupt in flames. [demonic ancestry]
  4434 | D:4      | Reached XP level 7. HP: 52/52 MP: 7/7
  4536 | D:4      | Reached skill level 4 in Unarmed Combat
  4857 | D:4      | Noticed Blork the orc
  4865 | D:4      | Killed Blork the orc
  5382 | D:4      | Identified a scroll of acquirement
  5388 | D:4      | Acquired a manual of Armour
  5419 | D:5      | Entered Level 5 of the Dungeon
  5429 | D:5      | Reached XP level 8. HP: 32/58 MP: 8/8
  5697 | D:5      | Reached *** piety under Trog
  5935 | D:5      | Found a shimmering blue altar of Sif Muna.
  5986 | D:5      | Found Qazxuixy's Distillery.
  5992 | D:5      | Bought a potion of heal wounds for 60 gold pieces
  6024 | D:5      | Found Xegaoqoe's Weapon Emporium.
  6240 | D:5      | Found an ancient bone altar of Kikubaaqudgha.
  6302 | D:5      | Noticed pzskc383's ghost (novice GrFi)
  6303 | D:5      | Found a runed translucent gate.
  6303 | D:5      | Found a runed translucent gate.
  6304 | D:5      | Found a runed translucent gate.
  6354 | D:5      | Found Mimojuinemp's Antique Armour Shoppe.
  6428 | D:5      | Found an iron altar of Okawaru.
  6732 | D:6      | Found a broken altar of Ashenzari.
  6814 | D:6      | Reached skill level 5 in Unarmed Combat
  6982 | D:6      | Noticed Pikel
  6994 | D:6      | Killed Pikel
  6995 | D:6      | Reached skill level 5 in Armour
  6995 | D:6      | Reached skill level 6 in Unarmed Combat
  7049 | D:6      | Noticed a manticore
  7053 | D:6      | Gained mutation: You have a pair of horns on your head.
                  | [demonic ancestry]
  7053 | D:6      | Reached XP level 9. HP: 63/63 MP: 9/9
  7054 | D:6      | Found a runed translucent gate.
  7054 | D:6      | Found a runed translucent gate.
  7054 | D:6      | Found a runed translucent gate.
  7055 | D:6      | Noticed XeNoLord's ghost (amateur MiBe)
  7222 | D:6      | Found a runed translucent door.
  7223 | D:6      | Noticed Crazy Yiuf
  8056 | D:6      | Reached skill level 7 in Unarmed Combat
  8370 | D:7      | Reached **** piety under Trog
  8735 | D:7      | Found a shadowy altar of Dithmenos.
  9039 | D:7      | Found a staircase to the Ecumenical Temple.
  9047 | D:7      | Reached skill level 8 in Unarmed Combat
  9494 | D:7      | Found Veritin's Assorted Antiques.
  9837 | D:8      | Gained mutation: Your demonic aura often causes spilled
                  | blood to erupt in flames. [demonic ancestry]
  9837 | D:8      | Reached XP level 10. HP: 57/70 MP: 10/10
  9844 | D:8      | Noticed a boulder beetle
 10892 | D:8      | Killed a boulder beetle
 10893 | D:8      | Reached skill level 9 in Unarmed Combat
 11280 | D:8      | Reached ***** piety under Trog
 12170 | D:9      | Noticed a two-headed ogre
 12180 | D:9      | Killed a two-headed ogre
 12181 | D:9      | Reached skill level 10 in Axes
 12459 | D:9      | Acquired a +1 crystal plate armour
 12482 | D:9      | Found a blossoming altar of Fedhas.
 12488 | D:9      | Reached skill level 10 in Unarmed Combat
 12604 | D:9      | Found a shimmering altar of Xom.
 12710 | D:9      | Gained mutation: You have very sharp fingernails. [demonic
                  | ancestry]
 12710 | D:9      | Reached XP level 11. HP: 48/75 MP: 11/11
 13030 | D:9      | Reached skill level 10 in Armour
 13207 | D:9      | Found Vupt's Distillery.
 13211 | D:9      | Bought a potion of heal wounds for 65 gold pieces
 13211 | D:9      | Bought a potion of heal wounds for 65 gold pieces
 13281 | D:10     | Entered Level 10 of the Dungeon
 13303 | D:10     | Noticed Erolcha
 13306 | D:10     | Cast into level 1 of the Abyss (Erolcha)
 13324 | Abyss:1  | Noticed a large abomination
 13332 | Abyss:1  | Killed a large abomination
 13400 | Abyss:1  | Noticed a starcursed mass
 13412 | Abyss:1  | Killed a starcursed mass
 13413 | Abyss:1  | Reached skill level 11 in Unarmed Combat
 13416 | Abyss:1  | HP: 2/75 [starcursed mass/accursed screaming (7)]
 13471 | Abyss:1  | Demolished by a large abomination

Illustrated notes

Levels and vault maps discovered:
D:1:      minmay_arrival_pointy, layout_basic, serial_curves, eino_curves_01,
          eino_curves_04
D:2:      layout_loops_ring, basic_altar
D:3:      layout_basic, demons_altar, shapermc_ecumenical_altar_rom_forum,
          serial_shops, shop, kennysheep_generic_room_10, uniq_ijyb
D:4:      layout_loops_ring, uniq_sigmund, uniq_edmund, uniq_blork_the_orc
D:5:      layout_basic, okawaru_altar_gauntlet_db,
          mainiacjoe_overflow_surrounded_room,
          lemuel_zombie_altar_kikubaaqudgha, biasface_ghost_orc_armoury,
          serial_shops, kennysheep_mini_moat, shop, shop
D:6:      layout_basic, nicolae_ashenzari_panopticon, gammafunk_ghost_split,
          uniq_crazy_yiuf_cottage, uniq_pikel
D:7:      layout_basic, nicolae_dithmenos_shadow_blocks,
          minmay_temple_entry_drinking_statues, serial_co_window_serial,
          co_window_paths_a, co_window_paths_b, co_window_paths_a,
          co_window_paths_a, co_window_paths_a, co_window_of_opportunity_a,
          co_window_2corner, co_window_unsneaky_path_c, co_window_2corner,
          co_window_unsneaky_path_a, serial_shops, shop
D:8:      layout_basic, mainiacjoe_overflow_24_doors,
          mainiacjoe_overflow_tiny_flanked, nicolae_tso_besieged_by_evil,
          minmay_fractal_squares_diagonal_5
D:9:      layout_stronghold, serial_shops, kennysheep_mini, minmay_misc_feat_x,
          hangedman_feature_mirror
D:10:     layout_long_grid, mainiacjoe_overflow_alcove_4, lair_entry_dummy,
          serial_shops, nicolae_shop_crystal, minivault_22, uniq_erolcha
Abyss:1:  base:
D:5

Skill      XL: |  1  2  3  4  5  6  7  8  9 10 11 |
---------------+----------------------------------+-----
Axes           | 3 4 5 6 7 8 9 10 | 10.1
Unarmed Combat | 1 2 3 4 6 8 10 11 | 11.0
Armour         | 2 5 7 9 10 | 10.5
Fighting       | |  3.0
Dodging        | |  1.7

Action                   |  1- 3 |  4- 6 |  7- 9 | 10-12 || total
-------------------------+-------+-------+-------+-------++-------
Melee: Hand axe          |   107 |    40 |       |       ||   147
       Kick              |       |    18 |    66 |    61 ||   145
       Headbutt          |       |     8 |    36 |    34 ||    78
       War axe           |       |    11 |   224 |   106 ||   341
       Punch             |       |       |     5 |     7 ||    12
       Unarmed           |       |       |       |    61 ||    61
Invok: Berserk           |     2 |     6 |    11 |    11 ||    30
       Trog's Hand       |       |       |       |     1 ||     1
       Brothers in Arms  |       |       |       |     1 ||     1
  Use: Scroll            |       |       |    14 |     6 ||    20
       Potion            |       |       |       |     3 ||     3
Armor: Animal skin       |    19 |       |       |       ||    19
       Ring mail         |    13 |     6 |    10 |       ||    29
       Chain mail        |       |       |    82 |    54 ||   136
       Crystal plate arm |       |       |       |    58 ||    58
Dodge: Dodged            |    87 |    23 |   112 |    41 ||   263
